[Event "Team 45 45 League T58"]
[Site "Internet Chess Club"]
[Date "2013.09.28"]
[Round "5"]
[White "QuieroAprender"]
[Black "Egmont"]
[Result "1/2-1/2"]
[WhiteElo "1750"]
[BlackElo "1781"]
[Opening "Sicilian: Grand Prix attack"]
[ECO "B21"]
[Time "13:16:08"]
[TimeControl "2700+45"]

1. e4 c5 2. f4 d5 3. exd5 Qxd5 4. Nc3 Qd8 5. Nf3 Nf6 6. Bc4 e6 7. d3 Be7 8. O-O
O-O 9. Ne4 Nc6 10. Be3 b6 11. Nxf6+ Bxf6 12. c3 Bb7 13. Qe2 Qc7 14. Rad1 Rad8
15. Bb3 e5 16. fxe5 Nxe5 17. Bc2 Nxf3+ 18. gxf3 Rfe8 19. Qf2 Rd5 20. Rde1 Rh5
21. Bf4 Be5 22. d4 cxd4 23. cxd4 Rc8 24. Rxe5 Rxe5 25. Bb3 Re2 {Game drawn by
mutual agreement} 1/2-1/2

[Event "Team 45 45 League T58"]
[Site "Internet Chess Club"]
[Date "2013.09.23"]
[Round "5"]
[White "Goli"]
[Black "minke"]
[Result "0-1"]
[WhiteElo "1798"]
[BlackElo "1939"]
[Opening "Pirc: Austrian attack, 6.Be3"]
[ECO "B09"]
[Time "16:04:20"]
[TimeControl "2700+45"]

1. e4 d6 2. d4 Nf6 3. Nc3 g6 4. f4 Bg7 5. Nf3 O-O 6. Be3 Na6 7. Bxa6 bxa6 8. Qe2
Rb8 9. Rb1 Ng4 10. Bg1 c5 11. h3 Nh6 12. Be3 Qa5 13. O-O Be6 14. d5 Bd7 15. e5
Bb5 16. Nxb5 axb5 17. a3 Qc7 18. Bd2 Nf5 19. Be1 Rfd8 20. g4 Nd4 21. Nxd4 cxd4
22. Bg3 dxe5 23. fxe5 Rxd5 24. Qg2 e6 25. Rbd1 Bxe5 26. Bxe5 Qxe5 27. Rfe1 Qd6
28. Rd3 Rc8 29. Red1 Qc6 30. R1d2 Rc5 31. Rxd4 Qxg2+ 32. Kxg2 Rxc2 33. Kf3 Rxd2
34. Rxd2 Rc7 35. Rd8+ Kg7 36. Rb8 Rc5 37. Ra8 Rc2 38. Rxa7 Rxb2 39. Rb7 Rb3+ 40.
Kg2 g5 41. a4 bxa4 {White resigns} 0-1

[Event "Team 45 45 League T58"]
[Site "Internet Chess Club"]
[Date "2013.09.22"]
[Round "5"]
[White "chess09"]
[Black "room-matt"]
[Result "1-0"]
[WhiteElo "2023"]
[BlackElo "1775"]
[Opening "Budapest: Rubinstein variation"]
[ECO "A52"]
[Time "14:01:56"]
[TimeControl "2700+45"]

1. d4 Nf6 2. c4 e5 3. dxe5 Ng4 4. Bf4 Nc6 5. Nf3 Bb4+ 6. Nbd2 Qe7 7. a3 Ngxe5 8.
Nxe5 Nxe5 9. e3 Bxd2+ 10. Qxd2 d6 11. Be2 O-O 12. O-O a5 13. b4 Ng6 14. Bg3 Bd7
15. Bf3 Ra7 16. Qd4 Rfa8 17. b5 Ne5 18. Be4 a4 19. Rab1 Bg4 20. Bxe5 Qxe5 21.
Bxh7+ Kxh7 22. Qxg4 Qc5 23. Rb4 Rh8 24. Rd1 f5 25. Qf3 g6 26. Rd5 Qb6 27. c5 Qa5
28. cxd6 Raa8 29. dxc7 Qxc7 30. Rbd4 Kg8 31. g3 Rh7 32. Rd6 Qf7 33. Qd1 Rg7 34.
Rd7 Qb3 35. Rd8+ Rxd8 36. Rxd8+ Kh7 37. Qxb3 axb3 38. Rd3 b2 39. Rb3 Rd7 40.
Rxb2 Rd1+ 41. Kg2 Ra1 42. Rb3 Kh6 43. h4 Kh5 44. Kf3 g5 45. hxg5 Kxg5 46. e4
fxe4+ 47. Kxe4 Kg4 48. f4 Ra2 49. Kd4 b6 50. Kc4 Re2 51. a4 Re4+ 52. Kd5 Rxa4
53. Kc6 Ra1 54. Kxb6 Rd1 55. Ka6 Ra1+ 56. Kb7 Re1 57. b6 Re7+ 58. Ka8 Re8+ 59.
Ka7 Re7+ 60. b7 {Black resigns} 1-0

[Event "Team 45 45 League T58"]
[Site "Internet Chess Club"]
[Date "2013.09.23"]
[Round "5"]
[White "clarinetref"]
[Black "Duguesclin"]
[Result "0-1"]
[WhiteElo "1616"]
[BlackElo "1781"]
[Opening "French: exchange variation"]
[ECO "C01"]
[Time "13:47:19"]
[TimeControl "2700+45"]

1. e4 e6 2. d4 d5 3. exd5 exd5 4. Bd3 c5 5. dxc5 Bxc5 6. Qe2+ Be6 7. Nf3 Nc6 8.
O-O Nf6 9. Nc3 O-O 10. Bg5 Re8 11. Qd2 Bb4 12. a3 Ba5 13. b4 Nxb4 14. axb4 Bxb4
15. Nd4 Rc8 16. Rxa7 Bxc3 17. Qe3 Bd7 18. Qf4 Qb6 19. Bxf6 Qxf6 20. Qxf6 gxf6
21. Bf5 Bxd4 22. Bxd7 Bxa7 23. Bxc8 Rxc8 24. Rc1 d4 25. Kf1 d3 26. c3 Bd4 27. c4
d2 28. Rd1 Bc3 {White resigns} 0-1

[Event "Team 45 45 League T58"]
[Site "Internet Chess Club"]
[Date "2013.09.21"]
[Round "5"]
[White "Sir-Sinister"]
[Black "TerryMalloy"]
[Result "0-1"]
[WhiteElo "2037"]
[BlackElo "2083"]
[Opening "Dunst (Sleipner, Heinrichsen) opening"]
[ECO "A00"]
[Time "09:07:37"]
[TimeControl "2700+45"]

1. Nc3 c5 2. Nf3 Nc6 3. d4 cxd4 4. Nxd4 Nf6 5. Bg5 e6 6. Qd2 Bb4 7. a3 Bxc3 8.
Qxc3 O-O 9. e3 Nxd4 10. Qxd4 Qa5+ {White resigns} 0-1

[Event "Team 45 45 League T58"]
[Site "Internet Chess Club"]
[Date "2013.09.20"]
[Round "5"]
[White "Buford-Julep"]
[Black "CzwartyWymiar"]
[Result "0-1"]
[WhiteElo "1731"]
[BlackElo "1981"]
[Opening "English: symmetrical, main line with d3"]
[ECO "A38"]
[Time "14:27:24"]
[TimeControl "2700+45"]

1. Nf3 Nf6 2. c4 g6 3. g3 Bg7 4. Bg2 O-O 5. O-O c5 6. Nc3 Nc6 7. d3 d6 8. a3 Bg4
9. Rb1 Qd7 10. b4 Nd4 11. Nxd4 cxd4 12. Ne4 Bh3 13. Nxf6+ Bxf6 14. Bh6 Bxg2 15.
Kxg2 Rfc8 16. Qb3 b5 17. Rfc1 Qg4 18. Qd1 Qh5 19. Bd2 bxc4 20. dxc4 Rxc4 21.
Rxc4 Qd5+ 22. Kg1 Qxc4 23. Rc1 Qa6 24. a4 d3 25. b5 dxe2 26. Qc2 Qb7 27. Bh6
e1=Q+ 28. Rxe1 Rc8 29. Qe2 d5 30. Rc1 Rxc1+ 31. Bxc1 e5 32. Qf3 Be7 33. Bb2 f6
34. Qc3 Kf7 35. Qc6 Qxc6 36. bxc6 Ke6 37. Bc3 Bc5 38. Ba5 Bb6 39. Bb4 d4 40. Kf1
Kd5 41. a5 Bc7 42. Ke2 Kxc6 {White resigns} 0-1

[Event "Team 45 45 League T58"]
[Site "Internet Chess Club"]
[Date "2013.09.23"]
[Round "5"]
[White "elmaestro"]
[Black "Packerfan"]
[Result "1/2-1/2"]
[WhiteElo "1804"]
[BlackElo "1723"]
[Opening "Queen's pawn: stonewall attack"]
[ECO "A45"]
[Time "09:14:29"]
[TimeControl "2700+45"]

1. d4 Nf6 2. e3 d5 3. Bd3 Nc6 4. f4 Bg4 5. Nf3 e6 6. h3 Bxf3 7. Qxf3 Nb4 8. a3
Nxd3+ 9. cxd3 c5 10. dxc5 Bxc5 11. b4 Be7 12. Bb2 Rc8 13. Nc3 a5 14. b5 a4 15.
O-O O-O 16. Qd1 Qa5 17. Qxa4 Qxa4 18. Nxa4 Rc2 19. Rfc1 Rfc8 20. Rxc2 Rxc2 21.
Rc1 Rd2 22. Rc7 Kf8 23. Rxb7 Rxd3 24. Rb8+ Ne8 25. b6 Rxe3 26. b7 Rb3 27. Be5
Bxa3 28. Bc7 Ke7 29. Bb6 Bd6 30. Rc8 Rb4 31. b8=Q Bxb8 32. Rxb8 Rxa4 33. Bc5+
Kd7 34. Rb7+ Kc6 35. Re7 Kxc5 36. Rxe8 Rxf4 37. g3 Rc4 38. Re7 d4 39. Rxf7 d3
40. Kf2 Kd4 41. Rd7+ Kc3 42. Ke3 d2 43. Rd3+ Kb4 44. Rxd2 Rc3+ 45. Kf2 Rc7 46.
Rd6 Re7 47. Ke3 Kc5 48. Rd8 h6 49. Ke4 Kc6 50. Ke5 Rd7 51. Re8 Rd5+ 52. Kxe6 Rg5
53. Rc8+ Kb5 54. Rc3 Kb4 55. Rf3 Kc4 56. Rf4+ Kd3 57. g4 Ke3 58. Rf5 Rxf5 59.
Kxf5 Kf3 60. h4 Kg3 61. h5 Kf3 62. g5 hxg5 63. Kxg5 Kg3 64. Kf5 Kh4 65. Kg6 Kg4
66. Kxg7 Kxh5 {Game drawn because neither player has mating material} 1/2-1/2